 Dungeon Crawl Stone Soup version 0.31-a0-237-g2d982f9f85 (webtiles) character file.

Game seed: 8120112468521066131

1532 Vomitron the Carver (level 8, 71/71 HPs)
             Began as a Minotaur Fighter on July 12, 2023.
             Was a Believer of Makhleb.
             Quit the game on level 5 of the Dungeon.
             The game lasted 00:10:10 (5380 turns).

Vomitron the Carver (Minotaur Fighter)              Turns: 5380, Time: 00:10:10

Health: 71/71      AC: 10    Str: 21    XL:     8   Next: 55%
Magic:  9/9        EV:  9    Int:  7    God:    Makhleb [**....]
Gold:   390        SH:  4    Dex: 10    Spells: 7/7 levels left

rFire   . . .        a - +0 long sword (freeze)
rCold   . . .        c - +0 buckler
rNeg    . . .        b - +0 scale mail
rPois   .            (helmet restricted)
rElec   .            n - +1 cloak
rCorr   .            (no gloves)
SInv    .            (no boots)
Will    .....        e - amulet of faith Stlth
                     (no ring)
HPRegen 0.31/turn    (no ring)
MPRegen 0.11/turn

%: faith
@: no status effects
A: horns 2, retaliatory headbutt
a: Renounce Religion, Minor Destruction


You were on level 5 of the Dungeon.
You worshipped Makhleb.
Makhleb was pleased with you.
You visited 1 branch of the dungeon, and saw 5 of its levels.
You also visited: Sewer.

You collected 426 gold pieces.
You spent 36 gold pieces at shops.

Inventory:

Hand Weapons
 a - a +0 long sword of freezing (weapon)
 g - a +0 double sword
 m - a +2 whip of freezing
Missiles
 r - 4 throwing nets
Armour
 b - a +0 scale mail (worn)
 c - a +0 buckler (worn)
 n - a +1 cloak (worn)
Jewellery
 e - an amulet of faith (around neck)
Wands
 i - a wand of flame (17)
Scrolls
 j - a scroll of vulnerability {unknown}
 q - a scroll of fog {unknown}
 s - a scroll of acquirement {unknown}
 t - a scroll of fear {unknown}
 u - 2 scrolls of teleportation
 v - 2 scrolls of immolation
Potions
 d - 2 potions of might
 f - 3 potions of lignification {unknown}
 h - 2 potions of enlightenment
 k - a potion of degeneration {unknown}
 l - 2 potions of curing
 o - 3 potions of attraction {unknown}
 p - a potion of heal wounds {unknown}


   Skills:
 + Level 6.8 Fighting
 * Level 8.5 Long Blades
 + Level 6.8 Armour
 - Level 4.6 Shields
 + Level 3.8 Invocations


You had 7 spell levels left.
You didn't know any spells.
Your spell library contained the following spells:

 Spells                   Type           Power      Damage    Failure   Level
 Necrotise                Necr           0%         1d4       80%         1
 Ensorcelled Hibernation  Hex/Ice        0%         N/A       91%         2
 Frozen Ramparts          Ice            0%         1d1       99%         3
 Spider Form              Tmut/Pois      0%         N/A       99%         3
 Vampiric Draining        Necr           0%         2d6       99%         3
 Anguish                  Hex/Necr       0%         N/A       100%        4
 Ice Form                 Ice/Tmut       0%         N/A       100%        4
 Summon Ice Beast         Ice/Summ       0%         N/A       100%        4
 Agony                    Necr           0%         N/A       100%        5


Dungeon Overview and Level Annotations

Branches:
Dungeon (5/15)             Temple (0/1) D:4           Sewer (visited)

Altars:
Ashenzari
Gozag
Makhleb
Vehumet
Zin

Shops:
D:1 *   D:3 *   D:4 *   D:5 ?


Innate Abilities, Weirdness & Mutations

You have a pair of horns on your head.
You reflexively headbutt those who attack you in melee.


Message History

The orc wizard hits you with a +0 dagger.
You hit the orc wizard. You freeze the orc wizard. You headbutt the orc wizard.
You kill the orc wizard!
Makhleb accepts your kill.
You feel better.
Things that are here:
a +0 dagger; a +0 robe; an orc corpse The orc wizard hits you with a +0 dagger.
You closely miss the orc wizard. Your headbutt misses the orc wizard.
The orc wizard hits you but does no damage.
You barely miss the orc wizard. Your headbutt misses the orc wizard.
The orc wizard closely misses you.
You slash the orc wizard! You freeze the orc wizard.
The orc wizard is heavily wounded.
The orc wizard hits you but does no damage.
You closely miss the orc wizard.
The orc wizard is heavily wounded.
You block the orc wizard's attack.
You slash the orc wizard! You freeze the orc wizard.
You kill the orc wizard!
Makhleb accepts your kill.
No target in view!
No target in view!
No target in view!
No target in view!
No target in view!
No target in view!
No target in view!
Found an escape hatch in the floor.
There is an escape hatch in the floor here.
There is a broken door here.
You pick up a book of Necromancy and begin reading...
You add the spells Necrotise, Vampiric Draining and Agony to your library.
There is a broken door here.
Found a robe.
You see here a +0 robe.
You see here a +0 dagger.
There is an escape hatch in the ceiling here.
Done exploring.
Are you sure you want to abandon this character and quit the game? (Confirm with "yes".)

######
###.....
#.......
##...#### ###
###..###
#.######...##
#@........##
#......####
######## ####
...## #...##
###..## ##..#


There were no monsters in sight!

Vanquished Creatures
  Pikel (D:5)
  A water moccasin (D:5)
  A black bear (D:5)
  Pargi (Sewer)
  A phantom (D:5)
  3 lemures (D:5)
  A scorpion (D:4)
  A howler monkey (D:4)
  2 orc priests
  A gnoll bouda (D:4)
  4 hounds
  An iguana (D:5)
  A sleepcap (D:4)
  5 orc wizards
  6 adders
  3 gnolls (D:4)
  An ufetubus (D:5)
  2 worms
  6 orcs
  16 bats
  4 endoplasms
  4 giant cockroaches
  8 goblins
  7 hobgoblins
  10 jackals
  12 kobolds
  9 quokkas
  9 ball pythons
  3 frilled lizards
  11 rats
135 creatures vanquished.

Notes
Turn   | Place    | Note
-------+----------+-------------------------------------------
     0 | D:1      | Vomitron the Minotaur Fighter began the quest for the Orb.
     0 | D:1      | Reached XP level 1. HP: 19/19 MP: 0/0
   150 | D:1      | Reached XP level 2. HP: 25/27 MP: 1/1
   219 | D:1      | Reached skill level 3 in Long Blades
   380 | D:1      | Found Diewitwo's General Store.
   590 | D:1      | Reached XP level 3. HP: 33/33 MP: 2/2
  1418 | D:2      | Reached XP level 4. HP: 40/40 MP: 3/3
  1483 | D:2      | Found a burning altar of Makhleb.
  1506 | D:2      | Became a worshipper of Makhleb the Destroyer
  1533 | D:2      | Reached skill level 4 in Long Blades
  1840 | D:3      | Found a glowing drain.
  1952 | Sewer    | Entered a sewer
  1956 | Sewer    | Reached * piety under Makhleb
  1972 | Sewer    | Noticed Pargi
  1979 | Sewer    | Killed Pargi
  1980 | Sewer    | Reached XP level 5. HP: 47/47 MP: 4/4
  2109 | D:3      | Found a burning altar of Makhleb.
  2487 | D:3      | Found Dyri's Assorted Antiques.
  2515 | D:3      | Found a glowing silver altar of Zin.
  2689 | D:3      | Found an opulent altar of Gozag.
  2853 | D:4      | Reached skill level 5 in Long Blades
  2918 | D:4      | Reached skill level 5 in Armour
  2918 | D:4      | Reached XP level 6. HP: 37/55 MP: 5/5
  3098 | D:4      | Found a broken altar of Ashenzari.
  3130 | D:4      | Found a radiant altar of Vehumet.
  3159 | D:4      | Reached skill level 5 in Fighting
  3159 | D:4      | Reached skill level 1 in Invocations
  3288 | D:4      | Found a staircase to the Ecumenical Temple.
  3380 | D:4      | Found Toaqaeb's Assorted Antiques.
  3438 | D:4      | Found Yxkike's Jewellery Shoppe.
  3616 | D:4      | Reached ** piety under Makhleb
  3764 | D:4      | Reached skill level 6 in Long Blades
  4127 | D:5      | Entered Level 5 of the Dungeon
  4153 | D:5      | Found Ungomeov's Magic Scroll Emporium.
  4156 | D:5      | Reached XP level 7. HP: 61/61 MP: 7/7
  4161 | D:5      | Bought a scroll of teleportation for 36 gold pieces
  4311 | D:5      | Noticed Pikel
  4327 | D:5      | Killed Pikel
  4328 | D:5      | Reached skill level 7 in Long Blades
  4328 | D:5      | Reached XP level 8. HP: 7/70 MP: 7/9
  4709 | D:5      | Reached skill level 8 in Long Blades
  5380 | D:5      | Quit the game

Illustrated notes

Levels and vault maps discovered:
D:1:      heliophobic_arrival_enchanted_forest, layout_loops_corners,
          serial_shops, shop, hex_large, minmay_indecisive_spiral
D:2:      layout_loops_cross, basic_altar
D:3:      layout_loops_ring, lightli_temple_of_fire,
          mainiacjoe_overflow_surrounded_room,
          nicolae_gozag_cash_rules_everything_around_me, serial_shops, shop,
          gup_sewer_entry_bubbles, minivault_23, roderic_batcave,
          serial_bayou_pond_c
D:4:      dreamdust_elfheim, layout_basic, mainiacjoe_overflow_swirl,
          minmay_temple_entry_sparse_star, serial_shops, shop, shop
D:5:      layout_layer_cave, serial_shops, kennysheep_little_box,
          minmay_a_box_with_orc_wizards_in_it, uniq_pikel

Skill      XL: |  1  2  3  4  5  6  7  8 |
---------------+-------------------------+-----
Long Blades    | 3 4 5 6 7 8 |  8.5
Armour         | 4 5 6 |  6.8
Shields        | 4 |  4.6
Fighting       | 4 5 6 |  6.8
Invocations    | 1 3 |  3.8

Action                     |  1- 3 |  4- 6 |  7- 9 || total
---------------------------+-------+-------+-------++-------
  Melee: Long sword        |   162 |   184 |   101 ||   447
         Headbutt          |    12 |    21 |    20 ||    53
 Invoke: Minor Destruction |       |       |     8 ||     8
    Use: Potion            |       |     1 |     2 ||     3
         Scroll            |       |     7 |       ||     7
 Armour: Scale mail        |    90 |    85 |    54 ||   229
  Dodge: Dodged            |    72 |    83 |    44 ||   199
  Block: Buckler           |    37 |    40 |    24 ||   101

Table legend: (Time is in decaauts)
 A = Elapsed time spent in this place.
 B = Non-inter-level travel time spent in this place.
 C = Inter-level travel time spent in this place.
 D = Time resting spent in this place.
 E = Time spent auto-exploring this place.
 F = Levels seen in this place.
 G = Mean time per level.
                   A        B        C        D        E       F      G
               +--------+--------+--------+--------+--------+-----+--------+
         Total |   5533 |   5429 |    104 |    371 |   4013 |   6 |  922.2 |
       Dungeon |   5453 |   5349 |    104 |    371 |   3967 |   5 | 1090.6 |
         Sewer |     80 |     80 |      0 |      0 |     45 |   1 |   80.0 |
               +--------+--------+--------+--------+--------+-----+--------+

Top non-repeatable levels by time:
     D:4: 1411 daAuts
     D:5: 1248 daAuts
     D:1: 1056 daAuts
     D:3: 981 daAuts
     D:2: 756 daAuts
   Sewer: 80 daAuts
